 Dungeon Crawl Stone Soup version 0.27.0-1-g7a089689b8 (webtiles) character file.

Game seed: 634341875197111105

1379 HungrySpirit the Ducker (level 8, 0/67 HPs)
             Began as a Gnoll Monk on Aug 1, 2021.
             Killed by divine providence
             ... invoked by an orc priest
              (15 damage)
             ... on level 5 of the Dungeon.
             The game lasted 00:07:50 (8194 turns).

HungrySpirit the Ducker (Gnoll Monk)                Turns: 8194, Time: 00:07:51

Health: 0/67       AC: 15    Str: 14    XL:     8   Next: 66%
Magic:  22/22      EV:  6    Int:  9    God:
Gold:   217        SH:  0    Dex: 14    Spells: 13/13 levels left

rFire    . . .     SeeInvis .   a - +0 short sword
rCold    . . .     Faith    .   (no shield)
rNeg     . . .     Spirit   .   k - +0 plate armour
rPois    +         Reflect  .   v - +0 helmet
rElec    .         Harm     .   i - +0 cloak
rCorr    .         Rampage  .   (no gloves)
Will     .....                  x - +0 pair of boots
Stlth    ..........             (no amulet)
HPRegen  0.21/turn              b - ring of magical power
MPRegen  0.18/turn              w - ring of poison resistance

@: no status effects
A: fangs 1, strong nose, distributed training
a: no special abilities


You were on level 5 of the Dungeon.
You visited 1 branch of the dungeon, and saw 6 of its levels.

You collected 217 gold pieces.

Inventory:

Hand Weapons
 a - a +0 short sword (weapon)
Missiles
 o - 16 poisoned darts (quivered)
Armour
 i - a +0 cloak (worn)
 k - a +0 plate armour (worn)
 v - a +0 helmet (worn)
 x - a +0 pair of boots (worn)
Jewellery
 b - a ring of magical power (left hand)
 w - a ring of poison resistance (right hand)
Wands
 j - a wand of flame (20)
Scrolls
 d - a scroll of fear {unknown}
 f - 4 scrolls of identify {unknown}
 h - 4 scrolls of teleportation {unknown}
 m - 3 scrolls of magic mapping {unknown}
 p - 2 scrolls of fog {unknown}
 q - 3 scrolls of amnesia {unknown}
 y - a scroll of blinking {unknown}
Potions
 c - a potion of curing {unknown}
 e - 2 potions of berserk rage {unknown}
 g - a potion of heal wounds {unknown}
 l - a potion of degeneration {unknown}
 n - a potion of resistance {unknown}
 r - 2 potions of flight {unknown}
 s - a potion of cancellation {unknown}
 t - a potion of invisibility {unknown}
 u - a potion of lignification {unknown}


   Skills:
 + Level 7.5 Fighting
 + Level 7.5 Short Blades
 + Level 3.4 Long Blades
 + Level 3.4 Axes
 + Level 3.4 Maces & Flails
 + Level 3.4 Polearms
 + Level 3.4 Staves
 + Level 3.4 Slings
 + Level 3.4 Bows
 + Level 3.4 Crossbows
 + Level 3.4 Throwing
 + Level 3.4 Armour
 + Level 7.5 Dodging
 + Level 5.5 Stealth
 + Level 3.4 Shields
 + Level 3.4 Unarmed Combat
 + Level 3.4 Spellcasting
 + Level 2.8 Conjurations
 + Level 2.8 Hexes
 + Level 2.8 Summonings
 + Level 2.8 Necromancy
 + Level 2.8 Translocations
 + Level 2.8 Transmutations
 + Level 2.8 Fire Magic
 + Level 2.8 Ice Magic
 + Level 2.8 Air Magic
 + Level 2.8 Earth Magic
 + Level 2.8 Poison Magic
 + Level 3.8 Invocations
 + Level 3.4 Evocations


You had 13 spell levels left.
You didn't know any spells.
Your spell library contained the following spells:

 Spells                   Type           Power      Damage    Failure   Level
 Sandblast                Erth           12%        2d6       100%        1
 Passwall                 Tmut/Erth      5%         N/A       100%        2
 Frozen Ramparts          Ice            12%        1d3       100%        3
 Gell's Gravitas          Tloc           3%         N/A       100%        3
 Lesser Beckoning         Tloc           3%         N/A       100%        3
 Teleport Other           Tloc           6%         N/A       100%        3
 Ice Form                 Ice/Tmut       6%         N/A       100%        4
 Summon Ice Beast         Ice/Summ       6%         N/A       100%        4
 Lee's Rapid Deconstruct  Erth           3%         3d6*      100%        5


Dungeon Overview and Level Annotations

Branches:
Dungeon (6/15)
 Temple: D:4-7

Altars:
Dithmenos
Elyvilon
Qazlal

Annotations:
D:2 1 runed translucent door, Crazy Yiuf


Innate Abilities, Weirdness & Mutations

You have very sharp teeth.
Your uncanny sense of smell can sniff out nearby items.
Your experience applies equally to all skills.


Message History

You hit the orc priest.
The orc priest is severely wounded.
The orc priest hits you but does no damage.
You hit the orc priest but do no damage.
The orc priest is severely wounded.
The orc priest hits you but does no damage.
You barely miss the orc priest.
You bite the orc priest, but do no damage.
The orc priest is severely wounded.
The orc priest invokes the aid of Beogh against you.
Pain shoots through your body!
You barely miss the orc priest.
The orc priest is severely wounded.
You hit the orc priest but do no damage.
You punch the orc priest.
The orc priest is severely wounded.
The orc priest hits you with a +0 club.
You hit the orc priest but do no damage.
The orc priest is severely wounded.
The orc priest barely misses you.
You hit the orc priest.
You bite the orc priest, but do no damage.
The orc priest is almost dead.
The orc priest mumbles some strange prayers to Beogh against you.
You struggle to resist.
You hit the orc priest but do no damage.
The orc priest is almost dead.
You closely miss the orc priest.
The orc priest is almost dead.
The orc priest hits you with a +0 club.
* * * LOW HITPOINT WARNING * * *
You barely miss the orc priest.
The orc priest is almost dead.
The orc priest hits you with a +0 club.
* * * LOW HITPOINT WARNING * * *
You hit the orc priest but do no damage.
The orc priest is almost dead.
The orc priest mumbles some strange prayers to Beogh against you.
Beogh smites you!
You die...

##.# #.......)..... #..#
#............. #.##
###...))....... #.#
##...<[.........
##.####...#.#.........
#####............#........
#................#........
#.......[#..........###...
#........@[......#.####...
#......##.o............###
#......###.............#
#......# #.............#
#......# #######.......#
#......# #.......#
#......# #.......#
######## #.......#
#########


You could see an orc priest.

Vanquished Creatures
  A steam dragon (D:6)
  An orc warrior (D:6)
  An ice beast (D:6)
  An ogre (D:5)
  A phantom (D:5)
  3 scorpions
  A wyvern skeleton (D:5)
  A water moccasin skeleton (D:4)
  2 bullfrog zombies (D:5)
  3 hounds
  3 orc priests
  Jessica (D:2)
  3 iguanas
  An orc wizard (D:4)
  Natasha (thrice) (D:4)
  3 gnolls (D:5)
  4 adders
  5 dart slugs
  4 orcs
  5 ball pythons
  9 endoplasms
  4 giant cockroaches
  5 goblins
  9 hobgoblins
  9 jackals
  6 quokkas
  10 bats
  3 frilled lizards
  7 kobolds
  5 rats
114 creatures vanquished.

Notes
Turn   | Place    | Note
-------+----------+-------------------------------------------
     0 | D:1      | HungrySpirit the Gnoll Monk began the quest for the Orb.
     0 | D:1      | Reached XP level 1. HP: 23/23 MP: 1/1
   194 | D:1      | Reached XP level 2. HP: 16/29 MP: 2/2
   766 | D:1      | Found a faded altar of an unknown god.
  1172 | D:1      | Reached XP level 3. HP: 35/35 MP: 3/3
  1588 | D:2      | Noticed Jessica
  1596 | D:2      | Killed Jessica
  1597 | D:2      | Reached skill level 1 in Long Blades
  1597 | D:2      | Reached skill level 1 in Axes
  1597 | D:2      | Reached skill level 1 in Maces & Flails
  1597 | D:2      | Reached skill level 1 in Polearms
  1597 | D:2      | Reached skill level 1 in Staves
  1597 | D:2      | Reached skill level 1 in Slings
  1597 | D:2      | Reached skill level 1 in Bows
  1597 | D:2      | Reached skill level 1 in Crossbows
  1597 | D:2      | Reached skill level 1 in Throwing
  1597 | D:2      | Reached skill level 1 in Armour
  1597 | D:2      | Reached skill level 1 in Shields
  1597 | D:2      | Reached skill level 1 in Unarmed Combat
  1597 | D:2      | Reached skill level 1 in Spellcasting
  1597 | D:2      | Reached skill level 1 in Invocations
  1597 | D:2      | Reached skill level 1 in Evocations
  1823 | D:2      | Reached XP level 4. HP: 41/41 MP: 5/5
  1883 | D:2      | Found a runed translucent door.
  1884 | D:2      | Noticed Crazy Yiuf
  1957 | D:2      | You fall into a shaft and drop 2 floors!
  2175 | D:3      | Found a stormy altar of Qazlal.
  2302 | D:2      | Reached skill level 1 in Conjurations
  2302 | D:2      | Reached skill level 1 in Hexes
  2302 | D:2      | Reached skill level 1 in Summonings
  2302 | D:2      | Reached skill level 1 in Necromancy
  2302 | D:2      | Reached skill level 1 in Translocations
  2302 | D:2      | Reached skill level 1 in Transmutations
  2302 | D:2      | Reached skill level 1 in Fire Magic
  2302 | D:2      | Reached skill level 1 in Ice Magic
  2302 | D:2      | Reached skill level 1 in Air Magic
  2302 | D:2      | Reached skill level 1 in Earth Magic
  2302 | D:2      | Reached skill level 1 in Poison Magic
  2513 | D:2      | Reached XP level 5. HP: 47/47 MP: 6/6
  2561 | D:2      | Found a shadowy altar of Dithmenos.
  3641 | D:4      | Noticed Natasha
  3656 | D:4      | Killed Natasha
  4072 | D:4      | Noticed Natasha
  4087 | D:4      | Killed Natasha
  4088 | D:4      | Reached XP level 6. HP: 38/53 MP: 8/8
  4498 | D:4      | Found a white marble altar of Elyvilon.
  4507 | D:4      | Noticed Natasha
  4521 | D:4      | Killed Natasha
  5080 | D:5      | Entered Level 5 of the Dungeon
  5153 | D:5      | Reached XP level 7. HP: 56/59 MP: 10/10
  5929 | D:5      | Reached skill level 5 in Stealth
  6779 | D:5      | Reached XP level 8. HP: 58/67 MP: 12/12
  8194 | D:5      | Killed from afar by an orc priest

Illustrated notes

Levels and vault maps discovered:
D:1:      dpeg_arrival_water_fire, layout_basic,
          shapermc_ecumenical_altar_mp_urbaneastern, minmay_pentomino_u4
D:2:      minmay_recursive_quarters, layout_loops_ring, basic_altar,
          minmay_misc_feat_cross, corexii_item_surrounded_by_moat, uniq_jessica,
          uniq_crazy_yiuf_cottage
D:3:      layout_loops_ring, nicolae_overflow_crystal_walls
D:4:      layout_loops_cross, elyvilon_altar_1, minmay_statues_item,
          patterned_corridor, uniq_natasha
D:5:      layout_rooms
D:6:      layout_layer_cave

Skill      XL: |  1  2  3  4  5  6  7  8 |
---------------+-------------------------+-----
Long Blades    | 1 2 3 |  3.4
Axes           | 1 2 3 |  3.4
Maces & Flails | 1 2 3 |  3.4
Polearms       | 1 2 3 |  3.4
Staves         | 1 2 3 |  3.4
Slings         | 1 2 3 |  3.4
Bows           | 1 2 3 |  3.4
Crossbows      | 1 2 3 |  3.4
Throwing       | 1 2 3 |  3.4
Armour         | 1 2 3 |  3.4
Shields        | 1 2 3 |  3.4
Unarmed Combat | 1 2 3 |  3.4
Spellcasting   | 1 2 3 |  3.4
Invocations    | 1 2 3 |  3.8
Evocations     | 1 2 3 |  3.4
Conjurations   | 1 2 |  2.8
Hexes          | 1 2 |  2.8
Summonings     | 1 2 |  2.8
Necromancy     | 1 2 |  2.8
Translocations | 1 2 |  2.8
Transmutations | 1 2 |  2.8
Fire Magic     | 1 2 |  2.8
Ice Magic      | 1 2 |  2.8
Air Magic      | 1 2 |  2.8
Earth Magic    | 1 2 |  2.8
Poison Magic   | 1 2 |  2.8
Fighting       | 7 |  7.5
Short Blades   | 7 |  7.5
Dodging        | 7 |  7.5
Stealth        | 5 |  5.5

Action                   |  1- 3 |  4- 6 |  7- 9 || total
-------------------------+-------+-------+-------++-------
Melee: Short sword       |   114 |   286 |   345 ||   745
       Bite              |     9 |    36 |    57 ||   102
       Punch             |       |     2 |     5 ||     7
Throw: Dart              |       |    21 |    36 ||    57
 Stab: Sleeping          |     4 |       |       ||     4
Armor: Robe              |    15 |       |       ||    15
       Plate armour      |     7 |   209 |   174 ||   390
Dodge: Dodged            |    64 |    54 |    64 ||   182
